 Dungeon Crawl Stone Soup version 0.30.1 (webtiles) character file.

Game seed: 13472014326889168406

373 croobank the Caller (level 6, -2/40 HPs)
             Began as an Octopode Summoner on July 5, 2023.
             Was a Believer of Dithmenos.
             Killed from afar by Ijyb (14 damage)
             ... with an iceblast
             ... on level 5 of the Dungeon.
             The game lasted 00:11:00 (3014 turns).

croobank the Caller (Octopode Summoner)             Turns: 3014, Time: 00:11:00

Health: -2/40      AC:  1    Str:  8    XL:     6   Next: 72%
Magic:  10/10      EV: 14    Int: 25    God:    Dithmenos [**....]
Gold:   118        SH:  0    Dex: 15    Spells: 0/11 levels left

rFire   . . .        q - +9 dagger of Expedience {spect, *Corrode rElec Dex+3 Stlth+}
rCold   . . .        (no shield)
rNeg    . . .        (helmet restricted)
rPois   .            (no amulet)
rElec   +            b - ring of wizardry
rCorr   .            n - +6 ring of intelligence
SInv    .            k - ring of willpower
Will    +....        (no ring)
Stlth   ++++++       (no ring)
HPRegen 0.26/turn    (no ring)
MPRegen 0.12/turn    (no ring)
                     (no ring)

%: corrode self (3%), wizardry (x1)
@: very slightly contaminated, wreathed by umbra
A: almost no armour, amphibious, 8 rings, camouflage 1, gelatinous body 1,
(nimble swimmer 1), tentacles
a: Renounce Religion, Shadow Step


You were on level 5 of the Dungeon.
You worshipped Dithmenos.
Dithmenos was pleased with you.
You visited 1 branch of the dungeon, and saw 5 of its levels.

You collected 118 gold pieces.

Inventory:

Hand Weapons
 c - a +0 dagger
 l - a +0 war axe
 q - the +9 dagger of Expedience (weapon) {spect, *Corrode rElec Dex+3 Stlth+}
   (You found it on level 3 of the Dungeon)

   Dex:       It affects your dexterity (+3).
   rElec:     It insulates you from electricity.
   *Corrode:  It may corrode you when you take damage.
   Stlth:     It makes you more stealthy.
 y - the +10 flail of Annoyance {venom, *Noise *Slow rF+++ SInv}
   (You found it on level 4 of the Dungeon)

   rF:        It renders you almost immune to fire.
   SInv:      It lets you see invisible.
   *Noise:    It may make noises in combat.
   *Slow:     It may slow you when you take damage.
Jewellery
 b - a ring of wizardry (left tentacle)
 k - a ring of willpower (on tentacle)
 n - a +6 ring of intelligence (right tentacle)
 r - a ring of ice
Wands
 x - a wand of quicksilver (9)
Scrolls
 d - a scroll of magic mapping {unknown}
 f - a scroll of teleportation {unknown}
 g - 3 scrolls of noise
 i - 2 scrolls of enchant weapon {unknown}
 j - a scroll of poison {unknown}
 m - 2 scrolls of identify {unknown}
 s - a scroll of amnesia {unknown}
 t - 4 scrolls of enchant armour {unknown}
Potions
 e - a potion of attraction {unknown}
 h - 2 potions of brilliance {unknown}
 o - a potion of curing {unknown}
 p - a potion of might {unknown}
 u - a potion of cancellation {unknown}
 v - 2 potions of haste {unknown}
 w - a potion of invisibility {unknown}


   Skills:
 + Level 2.3 Fighting
 + Level 3.3 Dodging
 + Level 4.7 Stealth
 + Level 3.2 Spellcasting
 + Level 4.8 Summonings
 + Level 2.3 Invocations


You couldn't memorise any spells.
You knew the following spells:

 Your Spells              Type           Power      Damage    Failure   Level
a - Summon Small Mammal   Summ           100%       N/A       1%          1
b - Call Imp              Summ           56%        N/A       1%          2
c - Call Canine Familiar  Summ           28%        N/A       1%          3
d - Summon Guardian Gole  Hex/Summ       16%        N/A       4%          3
e - Blink                 Tloc           8%         N/A       6%          2

Your spell library contained the following spells:

 Spells                   Type           Power      Damage    Failure   Level
 Apportation              Tloc           8%         N/A       4%          1
 Necrotise                Necr           16%        1d4       4%          1
 Lesser Beckoning         Tloc           8%         N/A       6%          2
 Momentum Strike          Conj/Tloc      8%         3d8       6%          2
 Hailstorm                Conj/Ice       4%         3d4       12%         3
 Summon Lightning Spire   Summ/Air       16%        N/A       16%         4
 Fireball                 Conj/Fire      2%         3d4       69%         5
 Iskenderun's Battlesphe  Conj           4%         2d6       69%         5
 Starburst                Conj/Fire      2%         6d3       99%         6


Dungeon Overview and Level Annotations

Branches:
Dungeon (5/15)
 Temple: D:4-7

Altars:
Dithmenos

Annotations:
D:5 Ijyb


Innate Abilities, Weirdness & Mutations

You cannot wear most types of armour.
You are amphibious.
You can wear up to eight rings at the same time.
Your skin changes colour to match your surroundings (Stealth+).
Your rubbery body absorbs attacks. (AC +1, EV +1)
((You are camouflaged when in or above water. (Stealth+)))
You have tentacles for arms and can constrict up to eight enemies at once.


Message History

Your cerulean imp hits the orc priest from afar with a -2 spear.
Ijyb hits your quokka with a +0 club.
Your hound closely misses Ijyb.
The orc priest calls down the wrath of Beogh upon you.
Beogh smites you!
* * * LOW HITPOINT WARNING * * *
The orc hits your quokka with a +0 dagger.
What are your orders? t - Shout!
Orders for allies: a - Attack new target. r - Retreat! s - Stop attacking. g - Guard the area. f - Follow me.
Anything else - Cancel.
Okay, then.
What are your orders? t - Shout!
Orders for allies: a - Attack new target. r - Retreat! s - Stop attacking. g - Guard the area. f - Follow me.
Anything else - Cancel.
Gang up on whom?
Press: ? - help, Dir - move target, f - orc priest
Aim: an orc priest, wielding a +0 dagger and wearing a +0 leather armour (lightly wounded, ally target) Attack!
Your quokka closely misses the orc priest.
Your hound bites the orc priest but does no damage.
Your cerulean imp hits the orc priest but does no damage.
Ijyb hits your quokka with a +0 club.
Your quokka dies!
Your quokka's corpse disappears in a puff of smoke!
The orc hits your guardian golem but does no damage.
Magic courses through your body.
Your hound bites the orc priest but does no damage.
Your cerulean imp closely misses the orc priest.
Your hound barely misses the orc priest.
Ijyb zaps a wand.
The mass of ice explodes!
The iceblast engulfs the orc priest!!
The orc priest dies!
The iceblast engulfs your guardian golem but does no damage.
The iceblast engulfs your cerulean imp! The iceblast engulfs you!
You die...

#..........#
#..........#
#..........#
#....o.....#
#..oogo....#
#...9§h....#
#...†)5....#
#.....
#....@.....#
#.....#
#.#..........#
#.....#
#...)...######
#.....########.#.#
#....[+........#.#
#.....#####..###.#
......#.##..## #..
.......<....# ###
........#####


You could see Ijyb (ally target), 4 orcs, a friendly guardian golem (summoned),
a friendly hound (summoned, sheltered) and a friendly cerulean imp (summoned,
sheltered).

Vanquished Creatures
  A phantom (D:4)
  2 jellies
  An orc priest (D:4)
  A sleepcap (D:4)
  A gnoll (D:3)
  4 adders
  4 shadow imps (D:4)
  A worm (D:5)
  A dart slug (D:2)
  3 orcs
  3 endoplasms
  3 goblins
  A hobgoblin (D:4)
  3 jackals
  A quokka (D:1)
  2 ball pythons
  4 bats
  A frilled lizard (D:3)
  5 kobolds
  5 rats
47 creatures vanquished.

Vanquished Creatures (collateral kills)
  2 gnolls (D:3)
  2 adders
  A dart slug (D:3)
  3 orcs (D:4)
  An endoplasm (D:4)
  3 jackals
  3 kobolds
  A quokka (D:4)
  A bat (D:3)
  2 rats
19 creatures vanquished.

Vanquished Creatures (others)
  An orc priest (D:5)
1 creature vanquished.

Grand Total: 67 creatures vanquished

Notes
Turn   | Place    | Note
-------+----------+-------------------------------------------
     0 | D:1      | croobank the Octopode Summoner began the quest for the Orb.
     0 | D:1      | Reached XP level 1. HP: 11/11 MP: 3/3
   307 | D:1      | Reached XP level 2. HP: 17/17 MP: 5/5
   310 | D:1      | Learned a level 2 spell: Call Imp
   760 | D:2      | Found a faded altar of an unknown god.
   775 | D:2      | Prayed at the altar of an unknown god.
   775 | D:2      | Became a worshipper of Dithmenos the Shadowed
   775 | D:2      | Reached * piety under Dithmenos
   852 | D:2      | Reached XP level 3. HP: 21/21 MP: 6/6
   856 | D:2      | Learned a level 3 spell: Call Canine Familiar
  1435 | D:3      | Got the Elucidation of Momentum
  1526 | D:3      | Reached XP level 4. HP: 21/27 MP: 7/7
  1555 | D:3      | Identified the +9 dagger of Expedience {spect, *Corrode
                  | rElec Dex+3 Stlth+}
  1745 | D:3      | Reached skill level 1 in Fighting
  1834 | D:3      | Reached skill level 1 in Invocations
  2188 | D:4      | Found a transporter.
  2211 | D:4      | Found a transporter.
  2262 | D:4      | Reached XP level 5. HP: 33/33 MP: 9/9
  2269 | D:4      | Learned a level 3 spell: Summon Guardian Golem
  2334 | D:4      | Reached ** piety under Dithmenos
  2636 | D:4      | Noticed a phantom
  2649 | D:4      | Killed a phantom
  2650 | D:4      | Reached XP level 6. HP: 25/39 MP: 7/10
  2743 | D:4      | Learned a level 2 spell: Blink
  2924 | D:4      | Identified the +10 flail of Annoyance {venom, *Noise *Slow
                  | rF+++ SInv}
  2970 | D:5      | Entered Level 5 of the Dungeon
  3007 | D:5      | Noticed Ijyb
  3014 | D:5      | Killed from afar by Ijyb

Illustrated notes

Levels and vault maps discovered:
D:1:      ncdulo_lavacross, layout_loops_ring
D:2:      layout_loops_ring, nicolae_ecumenical_pavilion
D:3:      layout_rooms
D:4:      gammafunk_wand_slinger, layout_loops_ring
D:5:      layout_basic, uniq_edmund, uniq_pikel, uniq_ijyb

Skill      XL: |  1  2  3  4  5 |
---------------+----------------+-----
Stealth        | 3 4 |  4.7
Fighting       | 1 2 |  2.3
Invocations    | 1 2 |  2.3
Dodging        | 3 |  3.3
Spellcasting   | 3 |  3.2
Summonings     | |  4.8

Action                     |  1- 3 |  4- 6 || total
---------------------------+-------+-------++-------
  Melee: Dagger            |    43 |    31 ||    74
         Tentacles         |    12 |     6 ||    18
         Constrict         |     7 |     9 ||    16
   Cast: Summon Small Mamm |    14 |    12 ||    26
         Call Imp          |     2 |     8 ||    10
         Call Canine Famil |     3 |    10 ||    13
         Summon Guardian G |       |     1 ||     1
  Evoke: Wand              |       |     2 ||     2
    Use: Scroll            |       |     1 ||     1
         Potion            |       |     1 ||     1
   Stab: Sleeping          |    10 |     5 ||    15
         Distracted        |     1 |     1 ||     2
 Armour: Skin              |     3 |       ||     3
  Dodge: Dodged            |    19 |    19 ||    38
